 Dungeon Crawl Stone Soup version 0.19-a0-1937-g70ed36a (webtiles) character file.

219 kae the Cudgeler (level 5, 0/63 HPs)
             Began as a Demonspawn Gladiator on Oct 26, 2016.
             Succumbed to kobold's curare-tipped needle
             ... on level 3 of the Dungeon.
             The game lasted 00:02:22 (1810 turns).

kae the Cudgeler (Demonspawn Gladiator)             Turns: 1810, Time: 00:02:23

Health: 0/63       AC:  7    Str: 20    XL:     5   Next: 64%
Magic:  5/5        EV: 12    Int: 10    God:
Gold:   164        SH:  0    Dex: 14    Spells: 0 memorised, 4 levels left

rFire  . . .     SeeInvis .     a - +0 flail
rCold  . . .     Gourm    .     b - +0 leather armour
rNeg   . . .     Faith    +     (no shield)
rPois  .         Spirit   .     n - +0 helmet
rElec  .         Reflect  .     (no cloak)
rCorr  .         Harm     .     e - +0 pair of gloves (curse)
MR     .....                    (no boots)
Stlth  ..........               m - amulet of faith
                                (no ring)
                                (no ring)

@: mighty, berserking, lethally poisoned (0 -> -17), slowed
A: thin metallic scales 1, powered by death 2
a: no special abilities


You were on level 3 of the Dungeon.
You were not hungry.

You visited 1 branch of the dungeon, and saw 3 of its levels.

You collected 164 gold pieces.

Inventory:

Hand Weapons
 a - a +0 flail (weapon)
Missiles
 d - 3 throwing nets (quivered)
Armour
 b - a +0 leather armour (worn)
 e - a cursed +0 pair of gloves (worn)
 n - a +0 helmet (worn)
Jewellery
 m - an amulet of faith (around neck)
Potions
 c - a potion of might
 h - a potion of heal wounds {unknown}
 i - a potion of resistance {unknown}
 k - a potion of lignification {unknown}
Comestibles
 f - 3 bread rations


   Skills:
 + Level 3.8 Fighting
 * Level 5.0 Maces & Flails
 - Level 1.7 Throwing
 - Level 2.6 Dodging


You had 4 spell levels left.
You didn't know any spells.

Dungeon Overview and Level Annotations

Branches:
Dungeon (3/15)

Altars:


Innate Abilities, Weirdness & Mutations

You are partially covered in thin metallic scales. (AC +2)
You regenerate health from kills.


Message History

* * * LOW HITPOINT WARNING * * *
A bat comes into view.
It was a potion of might.
You feel very mighty all of a sudden.
* * * LOW HITPOINT WARNING * * *
You feel very sick. The kobold hits you.
* * * LOW HITPOINT WARNING * * *
The kobold misses you.
It was a potion of berserk rage.
A red film seems to cover your vision as you go berserk!
You feel yourself moving faster!
You feel mighty!
* * * LOW HITPOINT WARNING * * *
You feel very sick. The kobold misses you. The ooze closely misses you.
You are too berserk!
You are too berserk!
You thump the ooze!
The ooze is severely wounded.
You die...

.. ..8.8. ##.###.8._.8..
... #.......8.8.......
#..#.....8...#....
###..#.#...........
.....#............#
....>...........#.# .#
..........#.#...#K#...#.
................@Jb.....
....##........((#.#.....
.... #.....####(#.# ...
#### #[....####...# #
######...............
........########.....=.
#######........ .......
....(...####### #..>...
...[........... ......


You could see an ooze, a bat and a kobold.

Vanquished Creatures
  A crimson imp (D:3)
  Jessica (D:2)
  Terence (D:2)
  5 adders (D:2)
  4 gnolls (D:2)
  An ooze (D:2)
  A worm (D:2)
  A dart slug (D:1)
  A ball python (D:1)
  A giant cockroach (D:1)
  6 goblins
  7 hobgoblins
  7 bats
  2 frilled lizards (D:1)
  2 kobolds
  6 rats
47 creatures vanquished.

Notes
Turn   | Place    | Note
-------+----------+-------------------------------------------
     0 | D:1      | kae the Demonspawn Gladiator began the quest for the Orb.
     0 | D:1      | Reached XP level 1. HP: 16/16 MP: 1/1
   210 | D:1      | Reached skill level 3 in Maces & Flails
   274 | D:1      | Gained mutation: You regenerate a little health from kills. [demonic ancestry]
   274 | D:1      | Reached XP level 2. HP: 17/22 MP: 2/2
   647 | D:2      | Gained mutation: You regenerate health from kills. [demonic ancestry]
   647 | D:2      | Reached XP level 3. HP: 15/28 MP: 3/3
  1137 | D:2      | Noticed Terence
  1137 | D:2      | Noticed Jessica
  1148 | D:2      | Killed Terence
  1148 | D:2      | Reached skill level 4 in Maces & Flails
  1148 | D:2      | Gained mutation: You are partially covered in thin metallic scales. (AC +2) [demonic ancestry]
  1148 | D:2      | Reached XP level 4. HP: 23/35 MP: 4/4
  1149 | D:2      | Killed Jessica
  1323 | D:2      | Reached XP level 5. HP: 38/41 MP: 5/5
  1756 | D:3      | Reached skill level 5 in Maces & Flails
  1780 | D:3      | Found a faded altar of an unknown god.
  1809 | D:3      | HP: 2/63 [poisoned by kobold (curare-tipped needle)]
  1810 | D:3      | Succumbed to kobold's curare-tipped needle

Vault maps used:
D:1:      zelgadis_glass_arrival_small
D:2:      uniq_terence, uniq_jessica
D:3:      yredelemnul_forgotten_temple_becter, ecumenical_altar_2,
          nicolae_ru_the_path_less_chosen

Skill      XL: |  1  2  3  4  5 |
---------------+----------------+-----
Maces & Flails | 3 4 5 |  5.0
Fighting       | 3 |  3.8
Throwing       | |  1.7
Dodging        | |  2.6

Action                   |  1- 3 |  4- 6 || total
-------------------------+-------+-------++-------
Melee: Flail             |   111 |    60 ||   171
  Use: Scroll            |       |     3 ||     3
       Potion            |       |     2 ||     2
 Stab: Distracted        |     1 |       ||     1
  Eat: Chunk             |     1 |     2 ||     3
Armor: Leather armour    |    39 |    29 ||    68
Dodge: Dodged            |    84 |    51 ||   135
